 Dungeon Sprint DCSS version 0.17-a0-1731-g129c023 (webtiles) character file.

420167 Kidiri the Minotaur Barricade (level 22, -2/256 HPs)
             Began as a Minotaur Fighter on Aug 29, 2015.
             Was the Champion of Okawaru.
             Killed by an exploding ball lightning (7 damage)
             ... created by Lom Lobon
             ... in the Dungeon (Sprint VII: "The Pits") on Aug 30, 2015.
             The game lasted 02:13:54 (11896 turns).

Kidiri the Minotaur Barricade (Minotaur Fighter)   Turns: 11896, Time: 02:13:54

Health: -2/256     AC: 37    Str: 43    XL:     22   Next: 32%
Magic:  0/54       EV: 30    Int:  1    God:    Okawaru [******]
Gold:   211        SH: 31    Dex: 15    Spells: 0 memorised, 61 levels left

rFire  + + +     SeeInvis +     b - +5 morningstar (holy)
rCold  + + +     Clarity  .     F - +2 plate armour {rPois}
rNeg   + + .     SustAt   .     a - +1 large shield {rF+}
rPois  +         Gourm    .     s - +1 hat {Spirit}
rElec  +         Spirit   +     y - +2 cloak of Starlight {rElec rC+ EV+4 Stlth--}
rCorr  +         Warding  +     c - +2 pair of gloves {Dex+3}
rMut   .         NoTele   +     t - +2 pair of boots "Omaneu" {rElec rF- rN+ Regen+ Dex+3}
MR     +....                    U - amulet "Ilymewit" {Ward +Blink rC+ rN+ Str+9 Int-4}
Stlth  ++........               X - ring "Kifoed" {rF+ MP+9 Slay+5}
                                M - ring of Nida Cui {rF+ Str+6}

@: exhausted, resistant, flying (expiring), very slightly contaminated, slowed,
very slow, somewhat resistant to hostile enchantments, unstealthy
A: retaliatory headbutt, hooves 1, horns 2, see invisible, clumsy 1,
deterioration 1, mutation resistance 1, robust 1, spit poison 1, weak 1,
MP-powered wands
a: Spit Poison, Heroism, Finesse, Renounce Religion, Evoke Blink
}: 3/15 runes: silver, golden, iron


You were in the Dungeon.
You worshipped Okawaru.
Okawaru was exalted by your worship.
You were not hungry.

You visited 1 branch You collected 211 gold pieces.

Inventory:

Hand weapons
 b - a +5 morningstar of holy wrath (weapon)
 d - a +5 eveningstar of crushing
 v - a +2 flail of draining
Missiles
 g - 5 silver javelins
 k - 5 javelins of returning
 B - 8 tomahawks
 Q - 5 javelins of penetration (quivered)
Armour
 a - a +1 large shield of fire resistance (worn)
 c - a +2 pair of gloves of dexterity (worn)
 s - a +1 hat of spirit shield (worn)
 t - the +2 pair of boots "Omaneu" (worn) {rElec rF- rN+ Regen+ Dex+3}
   (Okawaru gifted it to you in the Dungeon)

   It affects your dexterity (+3).
   It makes you vulnerable to fire.
   It insulates you from electricity.
   It protects you from negative energy.
   It increases your rate of regeneration.
 y - the +2 cloak of Starlight (worn) {rElec rC+ EV+4 Stlth--}
   (You found it in the Dungeon)

   It affects your evasion (+4).
   It protects you from cold.
   It insulates you from electricity.
   It makes you much less stealthy.
 F - a +2 plate armour of poison resistance (worn)
Jewellery
 M - the ring of Nida Cui (left hand) {rF+ Str+6}
   (You found it in the Dungeon)

   [ring of strength]

   It affects your strength (+6).
   It protects you from fire.
 U - the amulet "Ilymewit" (around neck) {Ward +Blink rC+ rN+ Str+9 Int-4}
   (You found it in the Dungeon)

   [amulet of warding]

   It may prevent the melee attacks of summoned creatures.
   It affects your strength (+9).
   It affects your intelligence (-4).
   It protects you from cold.
   It protects you from negative energy.
   It lets you blink.
 X - the ring "Kifoed" (right hand) {rF+ MP+9 Slay+5}
   (You found it in the Dungeon)

   [ring of slaying]

   It affects your accuracy and damage with ranged weapons and melee attacks
   (+5).
   It protects you from fire.
   It affects your magic capacity (+9).
Magical devices
 E - a wand of confusion (24)
 G - a wand of polymorph (18)
 I - a wand of paralysis (16)
 J - a wand of hasting (5)
 K - a wand of heal wounds (5)
Scrolls
 o - 12 scrolls of remove curse
 p - 6 scrolls of amnesia
 q - a scroll of summoning
 u - a scroll of recharging
 z - 7 scrolls of identify
 A - 3 scrolls of fog
 D - 6 scrolls of fear
Potions
 f - 4 potions of curing
 h - 3 potions of haste
 j - 4 potions of berserk rage
 n - 2 potions of invisibility
 w - 9 potions of cure mutation
 x - a potion of agility
 C - 2 potions of brilliance
Comestibles
 l - 45 fruits
 m - 10 meat rations
 P - 3 slices of pizza


   Skills:
 O Level 27 Fighting
 O Level 27 Maces & Flails
 O Level 27 Throwing
 O Level 27 Armour
 O Level 27 Dodging
 O Level 27 Stealth
 O Level 27 Shields
 + Level 21.4 Unarmed Combat
 * Level 20.0 Spellcasting
 O Level 27 Invocations
 O Level 27 Evocations


You had 61 spell levels left.
You didn't know any spells.

Dungeon Overview and Level Annotations

Branches:
Dungeon (1/1)

Altars:
Ashenzari
Cheibriados
Dithmenos
Elyvilon
Fedhas
Gozag
Kikubaaqudgha
Makhleb
Nemelex Xobeh
Okawaru
Qazlal
Ru
Sif Muna
Trog
Vehumet
Xom
Yredelemnul
Zin
The Shining One
Beogh
Jiyva
Lugonu

Annotations:
D Lom Lobon


Innate Abilities, Weirdness & Mutations

You reflexively headbutt those who attack you in melee.
You have a pair of horns on your head.
You have large cloven feet.
You have supernaturally acute eyesight.
You are clumsy. (Dex -2)
Your body sometimes deteriorates upon taking damage.
You are somewhat resistant to further mutation.
You are robust (+10% HP).
You can spit weak poison.
You are weak. (Str -2)
You expend magic power (3 MP) to strengthen your wands.


Message History

Okay, then.
Unknown command.
Unknown command.
Unknown command.
Drink which item? (? for menu, Esc to quit)
Okay, then.
Unknown command.
Drink which item? (? for menu, Esc to quit)
You feel better.
You are engulfed in freezing vapours.
You resist. The ice encasing you melts away.
* * * LOW HITPOINT WARNING * * *
The winds around Lom Lobon start to calm down.
The ball lightning explodes!
The blast of lightning engulfs Lom Lobon.
Lom Lobon completely resists.
The blast of lightning engulfs the ball lightning.
The ball lightning completely resists.
You hear a clap of thunder!
The blast of lightning engulfs you! You resist.
You die...

###.§§###=[.§§###.......
#......(###.&§.#........
##...........##§§.#§.......
##.............##&§#§§§.....
#....§§§§§§§§§§§#§§.§§§.....
#...§§§§§§§§§§§§#§§§.§......
#...§§§§§§§§§§§§#.§.§§.§....
#..§§§§§§§§§§§##..#§§§.....
#.§§§§§*§@§§##...#§..§.... .
#§§§§§&§###....#§.......
...###§§§###§....###.......
....§§§§§§§§§§...## ##......
#...§§§§§§§§§§§.## ##[....
################# ####''
##################### #######''
......#....#)|)}|...# ###...))[[.
...).......#........###.......)).


You could see Lom Lobon and a ball lightning (wandering).

Vanquished Creatures
  Antaeus (D)
  Dissolution (D)
  Ignacio (D)
  Gloorx Vloq (D)
  Dispater (D)
  Khufu (D)
  6 orbs of fire (D)
  7 pandemonium lords (D)
  An ancient lich (D)
  Mennas (D)
  2 greater mummies (D)
  Boris (D)
  Margery (D)
  Norris (D)
  2 Killer Klowns (D)
  A golden dragon (D)
  Nikola (D)
  2 pearl dragons (D)
  Jory (D)
  A profane servitor (D)
  A bone dragon (D)
  5 electric golems (D)
  2 hellephants (D)
  2 Brimstone Fiends (D)
  2 liches (D)
  An Ice Fiend (D)
  A Hell Sentinel (D)
  13 Orb Guardians (D)
  6 titans (D)
  5 deep elf blademasters (D)
  4 deep elf master archers (D)
  4 Shadow Fiends (D)
  3 quicksilver dragons (D)
  3 Executioners (D)
  5 shadow dragons (D)
  Frances (D)
  2 sphinxes (D)
  2 storm dragons (D)
  26 daevas (D)
  4 greater nagas (D)
  2 fire giants (D)
  3 draconian monks (D)
  4 deep elf sorcerers (D)
  2 iron dragons (D)
  A balrug (D)
  2 draconian knights (D)
  2 frost giants (D)
  3 draconian scorchers (D)
  An emperor scorpion (D)
  7 orc warlords (D)
  A ghost moth (D)
  2 cacodemons (D)
  2 ghouls (D)
  26 angels (D)
  2 draconian annihilators (D)
  5 stone giants (D)
  4 green draconians (D)
  2 war gargoyles (D)
  2 lorocyprocas (D)
  A black draconian (D)
  5 deep elf demonologists (D)
  An apis (D)
  2 red draconians (D)
  2 purple draconians (D)
  2 yellow draconians (D)
  A deep elf death mage (D)
  Snorg (D)
  5 ettins (D)
  A death ooze (D)
  An eidolon (D)
  2 blizzard demons (D)
  A fire dragon (shapeshifter) (D)
  2 green deaths (D)
  A mummy priest (D)
  2 minotaurs (D)
  3 vault guards (D)
  2 deep elf high priests (D)
  A fire dragon (D)
  3 yaktaur captains (D)
  A hell beast (D)
  2 spriggan air magi (D)
  A naga warrior (D)
  2 ice dragons (D)
  A death knight (D)
  2 hydras (D)
  Erica (D)
  2 vampire magi (D)
  An iron elemental (D)
  An alligator snapping turtle (D)
  An alligator (D)
  An ogre mage (D)
  4 hell hogs (D)
  7 hell knights (D)
  A spriggan (D)
  2 sun demons (D)
  Sonja (D)
  4 wizards (D)
  4 skeletal warriors (D)
  2 ice devils (D)
  A soul eater (D)
  9 deep trolls (D)
  2 shadow wraiths (D)
  3 iron trolls (D)
  4 deep elf knights (D)
  A sea snake (D)
  An unseen horror (D)
  2 spriggan druids (D)
  23 cherubim (D)
  9 hill giants (D)
  An unseen horror (shapeshifter) (D)
  A deep elf summoner (D)
  14 orc knights (D)
  A swamp dragon (D)
  A phantasmal warrior (D)
  2 orc sorcerers (D)
  13 cyclopes (D)
  2 deep elf conjurers (D)
  2 wolf spiders (D)
  A necromancer (D)
  A griffon (shapeshifter) (D)
  A moth of wrath (D)
  A sixfirhy (D)
  7 elephants (D)
  2 eyes of devastation (D)
  2 rust devils (D)
  A guardian serpent (shapeshifter) (D)
  A guardian serpent (D)
  Psyche (D)
  A molten gargoyle (D)
  2 komodo dragons (D)
  2 hellions (D)
  An efreet (D)
  2 tormentors (D)
  A freezing wraith (D)
  A guardian mummy (D)
  4 yaktaurs (D)
  2 red devils (D)
  A hellwing (D)
  A giant leech (D)
  7 trolls (D)
  A blue devil (D)
  4 blink frogs (D)
  5 two-headed ogres (D)
  A bog body (D)
  2 large abominations (D)
  2 redbacks (D)
  An air elemental (D)
  A fire bat (D)
  3 deep elf magi (D)
  4 deep elf fighters (D)
  2 fire elementals (D)
  Eustachio (D)
  A water elemental (D)
  3 vampire mosquitoes (D)
  A wraith (D)
  Menkaure (D)
  2 soldier ants (D)
  4 wargs (D)
  A swamp drake (D)
  5 hell hounds (D)
  2 black bears (D)
  A mottled dragon (D)
  A sky beast (D)
  2 eyes of draining (D)
  2 phantoms (D)
  21 orc warriors (D)
  A centaur (D)
  2 crocodiles (D)
  2 necrophages (D)
  A wasp (D)
  10 ogres (D)
  3 brain worms (D)
  A giant frog (D)
  2 small abominations (D)
  A crimson imp (D)
  An iguana (D)
  An iron imp (D)
  Jessica (D)
  2 orc priests (D)
  A hell rat (D)
  2 mummies (D)
  A gnoll (D)
  A river rat (D)
  A white imp (D)
  3 giant eyeballs (D)
  An ooze (D)
  A worm (D)
  4 adder skeletons (D)
  13 orcs (D)
  3 ball pythons (D)
  3 bat skeletons (D)
  A bat zombie (D)
  A giant cockroach (D)
  2 jackals (D)
  A kobold (D)
  A quokka (D)
  A giant newt (D)
  A rat (D)
558 creatures vanquished.

Vanquished Creatures (others)
  Mara (D)
  An acid blob (D)
  A draconian zealot (D)
  7 ball lightnings (D)
  An elephant (D)
  An ooze (D)
  A giant gecko simulacrum (D)
  A giant newt (D)
  A block of ice (D)
15 creatures vanquished.

Grand Total: 573 creatures vanquished

Notes
Turn   | Place    | Note
--------------------------------------------------------------
     0 | D        | Kidiri the Minotaur Fighter began the quest for the Orb.
     0 | D        | Reached XP level 1. HP: 19/19 MP: 0/0
    24 | D        | Noticed a brain worm
    29 | D        | Killed a brain worm
    29 | D        | Reached skill level 4 in Fighting
    29 | D        | Reached skill level 5 in Maces & Flails
    29 | D        | Reached skill level 5 in Armour
    29 | D        | Reached skill level 5 in Shields
    29 | D        | Reached XP level 2. HP: 22/28 MP: 1/1
    29 | D        | Reached XP level 3. HP: 27/35 MP: 2/2
    29 | D        | Reached XP level 4. HP: 31/41 MP: 3/3
    68 | D        | Found a sacrificial altar of Ru.
    68 | D        | Found a basalt altar of Yredelemnul.
    68 | D        | Found a shadowy altar of Dithmenos.
    68 | D        | Found a deep blue altar of Sif Muna.
    68 | D        | Found a burning altar of Makhleb.
    68 | D        | Found a shimmering altar of Xom.
    68 | D        | Found an ancient bone altar of Kikubaaqudgha.
    68 | D        | Found a sparkling altar of Nemelex Xobeh.
    69 | D        | Found a glowing golden altar of the Shining One.
    69 | D        | Found a bloodstained altar of Trog.
    69 | D        | Found a shattered altar of Ashenzari.
    69 | D        | Found a white marble altar of Elyvilon.
    69 | D        | Found a snail-covered altar of Cheibriados.
    69 | D        | Found a blossoming altar of Fedhas.
    69 | D        | Found a radiant altar of Vehumet.
    69 | D        | Found a glowing silver altar of Zin.
    69 | D        | Found a corrupted altar of Lugonu.
    69 | D        | Found a viscous altar of Jiyva.
    69 | D        | Found a roughly hewn altar of Beogh.
    69 | D        | Found an iron altar of Okawaru.
    75 | D        | Found a stormy altar of Qazlal.
    76 | D        | Found an opulent altar of Gozag.
    78 | D        | Became a worshipper of Warmaster Okawaru
   107 | D        | Noticed a brain worm
   111 | D        | Killed a brain worm
   111 | D        | Reached skill level 5 in Fighting
   111 | D        | Reached skill level 6 in Maces & Flails
   111 | D        | Reached skill level 1 in Invocations
   131 | D        | Reached XP level 5. HP: 45/48 MP: 5/5
   135 | D        | Reached skill level 7 in Armour
   151 | D        | Noticed a phantom
   175 | D        | Killed a phantom
   309 | D        | Noticed an ogre
   310 | D        | Noticed a giant frog
   310 | D        | Noticed a black bear
   310 | D        | Noticed a necrophage
   323 | D        | Killed an ogre
   323 | D        | Acquired Okawaru's first power
   323 | D        | Reached skill level 8 in Armour
   323 | D        | Reached XP level 6. HP: 53/58 MP: 7/7
   328 | D        | Killed a black bear
   328 | D        | Reached skill level 9 in Armour
   328 | D        | Reached skill level 5 in Dodging
   333 | D        | Killed a necrophage
   343 | D        | Noticed Menkaure
   350 | D        | Killed a giant frog
   350 | D        | Reached XP level 7. HP: 33/66 MP: 7/9
   353 | D        | Killed Menkaure
   509 | D        | Noticed a phantom
   517 | D        | Killed a phantom
   517 | D        | Reached skill level 10 in Armour
   517 | D        | Reached skill level 10 in Shields
   521 | D        | Noticed Psyche
   526 | D        | Killed Psyche
   526 | D        | Reached skill level 10 in Maces & Flails
   526 | D        | Reached skill level 5 in Invocations
   526 | D        | Reached XP level 8. HP: 71/74 MP: 8/10
   530 | D        | Noticed a crimson imp
   543 | D        | Killed a crimson imp
   554 | D        | Noticed a swamp drake
   564 | D        | Killed a swamp drake
   570 | D        | Reached skill level 11 in Armour
   736 | D        | Noticed an iguana
   737 | D        | Noticed a warg
   742 | D        | Killed a warg
   744 | D        | Killed an iguana
   752 | D        | Noticed a deep elf mage
   752 | D        | Noticed a deep elf mage
   753 | D        | Noticed a deep elf conjurer
   754 | D        | Noticed a deep elf fighter
   754 | D        | Noticed a deep elf mage
   756 | D        | Killed a deep elf mage
   758 | D        | Noticed a hill giant
   759 | D        | Killed a deep elf fighter
   764 | D        | Killed a deep elf conjurer
   764 | D        | Reached skill level 12 in Armour
   764 | D        | Reached XP level 9. HP: 42/83 MP: 12/12
   774 | D        | Killed a hill giant
   779 | D        | Killed a deep elf mage
   783 | D        | Killed a deep elf mage
   982 | D        | Noticed a freezing wraith
   982 | D        | Noticed a redback
   983 | D        | Noticed a redback
   987 | D        | Killed a redback
   989 | D        | Killed a redback
   989 | D        | Reached skill level 13 in Armour
  1003 | D        | Killed a freezing wraith
  1079 | D        | Noticed an iron imp
  1084 | D        | Killed an iron imp
  1094 | D        | Killed a shadow wraith
  1094 | D        | Acquired Okawaru's second power
  1094 | D        | Reached skill level 10 in Fighting
  1094 | D        | Reached XP level 10. HP: 80/93 MP: 12/14
  1100 | D        | Noticed a deep elf fighter
  1100 | D        | Noticed a centaur
  1106 | D        | Killed a centaur
  1107 | D        | Killed a deep elf fighter
  1149 | D        | Noticed a spriggan druid
  1150 | D        | Noticed a crocodile
  1159 | D        | Killed a spriggan druid
  1161 | D        | Killed a crocodile
  1199 | D        | Noticed an alligator
  1202 | D        | Noticed an alligator snapping turtle
  1203 | D        | Noticed a mottled dragon
  1210 | D        | Killed an alligator
  1210 | D        | Reached skill level 14 in Armour
  1212 | D        | Killed a mottled dragon
  1237 | D        | Killed an alligator snapping turtle
  1269 | D        | Noticed a sea snake
  1269 | D        | Noticed a small abomination
  1269 | D        | Noticed a komodo dragon
  1269 | D        | Noticed a sky beast
  1276 | D        | Killed a komodo dragon
  1276 | D        | Received a gift from Okawaru
  1288 | D        | Killed a sea snake
  1291 | D        | Killed a sky beast
  1296 | D        | Killed a small abomination
  1306 | D        | Gained mutation: You are robust (+10% HP). [mutagenic meat]
  1307 | D        | Gained mutation: You can spit weak poison. [mutagenic meat]
  1384 | D        | Noticed a komodo dragon
  1384 | D        | Noticed a brain worm
  1384 | D        | Noticed a vampire mosquito
  1385 | D        | Noticed a vampire mosquito
  1385 | D        | Noticed a vampire mosquito
  1385 | D        | Noticed Eustachio
  1386 | D        | Noticed a phantasmal warrior
  1386 | D        | Noticed Jessica
  1387 | D        | Noticed a hill giant
  1387 | D        | Noticed a hell rat
  1387 | D        | Killed a brain worm
  1389 | D        | Killed a vampire mosquito
  1392 | D        | Killed a vampire mosquito
  1393 | D        | Killed a vampire mosquito
  1395 | D        | Killed a phantasmal warrior
  1395 | D        | Reached skill level 15 in Armour
  1395 | D        | Reached skill level 10 in Dodging
  1395 | D        | Reached skill level 15 in Shields
  1395 | D        | Reached XP level 11. HP: 103/112 MP: 9/16
  1396 | D        | Noticed a guardian mummy
  1397 | D        | Killed Jessica
  1404 | D        | Killed a hill giant
  1406 | D        | Killed a hell rat
  1409 | D        | Killed a komodo dragon
  1409 | D        | Reached skill level 15 in Maces & Flails
  1414 | D        | Killed a guardian mummy
  1414 | D        | Received a gift from Okawaru
  1415 | D        | Got a pair of pitted boots {god gift}
  1416 | D        | Noticed a deep troll
  1417 | D        | Killed Eustachio
  1418 | D        | Noticed a soldier ant
  1424 | D        | Noticed a black bear
  1428 | D        | Killed a deep troll
  1433 | D        | Killed a soldier ant
  1438 | D        | Killed a black bear
  1453 | D        | Identified the +2 pair of boots "Omaneu" {rElec rF- rN+ Regen+ Dex+3} (Okawaru gifted it to you in the Dungeon)
  1481 | D        | Noticed Snorg
  1499 | D        | Killed Snorg
  1655 | D        | Noticed a bog body
  1655 | D        | Noticed a soldier ant
  1664 | D        | Killed a soldier ant
  1666 | D        | Killed a bog body
  1677 | D        | Noticed a wraith
  1677 | D        | Noticed a sun demon
  1677 | D        | Noticed a molten gargoyle
  1684 | D        | Killed a sun demon
  1684 | D        | Reached skill level 16 in Armour
  1690 | D        | Killed a wraith
  1694 | D        | Killed a molten gargoyle
  1818 | D        | Noticed Erica
  1820 | D        | Noticed a necromancer
  1832 | D        | Killed Erica
  1835 | D        | Killed a necromancer
  1895 | D        | Noticed a sixfirhy
  1897 | D        | Noticed a swamp dragon
  1904 | D        | Killed a sixfirhy
  1910 | D        | Killed a swamp dragon
  1986 | D        | Noticed Sonja
  1986 | D        | Noticed a deep elf conjurer
  1987 | D        | Noticed a deep elf fighter
  1993 | D        | Noticed a hellwing
  1995 | D        | Killed a deep elf conjurer
  1995 | D        | Reached skill level 10 in Invocations
  1996 | D        | Noticed a deep elf knight
  1996 | D        | Noticed a deep elf knight
  1996 | D        | Noticed a deep elf fighter
  2000 | D        | Killed Sonja
  2002 | D        | Killed a deep elf fighter
  2007 | D        | Killed a hellwing
  2013 | D        | Killed a deep elf knight
  2013 | D        | Reached XP level 12. HP: 112/124 MP: 12/18
  2015 | D        | Killed a deep elf fighter
  2015 | D        | Reached skill level 17 in Armour
  2021 | D        | Killed a deep elf knight
  2021 | D        | Received a gift from Okawaru
  2352 | D        | Noticed a deep troll
  2352 | D        | Noticed a crocodile
  2362 | D        | Killed a deep troll
  2363 | D        | Noticed a fire giant
  2363 | D        | Noticed a profane servitor
  2369 | D        | Noticed a rust devil
  2369 | D        | Killed an unseen horror
  2370 | D        | Noticed a fire bat
  2384 | D        | Killed a fire giant
  2385 | D        | Noticed an air elemental
  2387 | D        | Killed a fire bat
  2392 | D        | Noticed a fire elemental
  2410 | D        | Noticed an apis
  2440 | D        | Killed a profane servitor
  2440 | D        | Reached skill level 18 in Shields
  2441 | D        | Noticed a six-headed hydra
  2448 | D        | Killed a six-headed hydra
  2460 | D        | Killed an apis
  2461 | D        | Noticed a giant leech
  2461 | D        | Killed a fire elemental
  2467 | D        | Killed a giant leech
  2471 | D        | Killed an air elemental
  2472 | D        | Noticed an eye of devastation
  2480 | D        | Killed a crocodile
  2484 | D        | Killed a rust devil
  2492 | D        | Killed an eye of devastation
  2500 | D        | Noticed a water elemental
  2503 | D        | Killed a water elemental
  2506 | D        | Noticed a hill giant
  2507 | D        | Noticed a red devil
  2509 | D        | Noticed a vampire mage
  2513 | D        | Killed a shadow wraith
  2522 | D        | Killed a vampire mage
  2522 | D        | Received a gift from Okawaru
  2528 | D        | Killed a hill giant
  2529 | D        | Noticed a wolf spider
  2530 | D        | Killed a wolf spider
  2533 | D        | Noticed a cyclops
  2545 | D        | Killed a cyclops
  2546 | D        | Killed a red devil
  2546 | D        | Reached XP level 13. HP: 95/136 MP: 18/20
  2642 | D        | Noticed a hell hog
  2642 | D        | Noticed a vampire mage
  2642 | D        | Noticed a vault guard
  2642 | D        | Noticed a deep elf high priest
  2642 | D        | Noticed a four-headed hydra
  2642 | D        | Noticed a hell hog
  2643 | D        | Noticed a hell hog
  2643 | D        | Noticed a hell hog
  2664 | D        | Killed a vault guard
  2667 | D        | Killed a four-headed hydra
  2671 | D        | Killed a hell hog
  2671 | D        | Reached skill level 19 in Shields
  2676 | D        | Killed a hell hog
  2682 | D        | Killed a hell hog
  2690 | D        | Killed a deep elf high priest
  2693 | D        | Killed a vampire mage
  2696 | D        | Killed a hell hog
  2923 | D        | Noticed a skeletal warrior
  2923 | D        | Noticed a skeletal warrior
  2923 | D        | Noticed a skeletal warrior
  2923 | D        | Noticed a yaktaur
  2924 | D        | Noticed an orc knight
  2924 | D        | Noticed a yaktaur
  2924 | D        | Noticed an orc knight
  2924 | D        | Noticed an orc knight
  2924 | D        | Noticed an orc knight
  2924 | D        | Noticed an orc knight
  2924 | D        | Noticed an orc knight
  2924 | D        | Noticed a yaktaur
  2925 | D        | Noticed an orc knight
  2925 | D        | Noticed an orc warlord
  2925 | D        | Noticed an orc warlord
  2925 | D        | Noticed a yaktaur captain
  2925 | D        | Noticed a vault guard
  2925 | D        | Noticed an orc knight
  2926 | D        | Noticed a deep elf knight
  2926 | D        | Noticed a deep elf knight
  2926 | D        | Noticed an orc knight
  2926 | D        | Noticed an orc knight
  2929 | D        | Noticed a naga warrior
  2929 | D        | Noticed an efreet
  2929 | D        | Noticed an orc knight
  2931 | D        | Killed a skeletal warrior
  2935 | D        | Killed a skeletal warrior
  2946 | D        | Killed a yaktaur
  2959 | D        | Killed an orc warlord
  2959 | D        | Received a gift from Okawaru
  2962 | D        | Killed a skeletal warrior
  2973 | D        | Killed a yaktaur captain
  2976 | D        | Killed an orc knight
  2985 | D        | Killed an orc knight
  2985 | D        | Reached skill level 15 in Fighting
  2993 | D        | Killed an orc knight
  3003 | D        | Killed an orc knight
  3003 | D        | Reached skill level 20 in Shields
  3005 | D        | Killed a yaktaur
  3014 | D        | Killed an orc knight
  3016 | D        | Killed an orc knight
  3019 | D        | Killed a yaktaur
  3026 | D        | Killed an orc knight
  3033 | D        | Killed a deep elf knight
  3037 | D        | Noticed a war gargoyle
  3038 | D        | Killed a deep elf knight
  3038 | D        | Received a gift from Okawaru
  3042 | D        | Killed a vault guard
  3050 | D        | Killed an efreet
  3052 | D        | Killed an orc knight
  3053 | D        | Killed an orc knight
  3060 | D        | Killed a war gargoyle
  3064 | D        | Killed an orc knight
  3071 | D        | Killed an orc warlord
  3077 | D        | Killed an orc knight
  3079 | D        | Got a polished shield {god gift}
  3090 | D        | Identified the +4 shield of Watchfulness {*Corrode rElec rC+ Dex+5} (Okawaru gifted it to you in the Dungeon)
  3120 | D        | Killed a naga warrior
  3251 | D        | Noticed an emperor scorpion
  3270 | D        | Killed an emperor scorpion
  3270 | D        | Reached XP level 14. HP: 149/149 MP: 16/22
  3276 | D        | Noticed an orc knight
  3276 | D        | Noticed a deep elf master archer
  3276 | D        | Noticed a deep elf blademaster
  3285 | D        | Killed a deep elf master archer
  3285 | D        | Reached skill level 21 in Armour
  3297 | D        | Killed a deep elf blademaster
  3301 | D        | Killed an orc knight
  3324 | D        | Noticed an orc knight
  3340 | D        | Killed an orc knight
  3390 | D        | Noticed a skeletal warrior
  3399 | D        | Killed a skeletal warrior
  3436 | D        | Noticed an orc knight
  3445 | D        | Killed an orc knight
  3543 | D        | Noticed an orc warlord
  3543 | D        | Noticed an orc warrior
  3543 | D        | Noticed an orc warrior
  3543 | D        | Noticed an orc priest
  3543 | D        | Noticed an orc warrior
  3543 | D        | Noticed an orc warrior
  3543 | D        | Noticed an orc warrior
  3543 | D        | Noticed an orc warrior
  3544 | D        | Noticed a deep elf sorcerer
  3544 | D        | Noticed an orc warrior
  3545 | D        | Noticed a yellow draconian annihilator
  3545 | D        | Noticed a greater naga
  3547 | D        | Killed a deep elf sorcerer
  3551 | D        | Killed an orc warrior
  3561 | D        | Killed an orc warlord
  3561 | D        | Received a gift from Okawaru
  3563 | D        | Noticed a wizard
  3568 | D        | Noticed a white draconian monk
  3570 | D        | Noticed a black draconian
  3577 | D        | Killed a greater naga
  3578 | D        | Killed an orc warrior
  3579 | D        | Noticed a wizard
  3579 | D        | Noticed a wizard
  3580 | D        | Noticed an ogre mage
  3580 | D        | Killed an orc priest
  3581 | D        | Killed an orc warrior
  3592 | D        | Killed an orc warrior
  3600 | D        | Killed a yellow draconian annihilator
  3602 | D        | Killed an orc warrior
  3607 | D        | Paralysed by a wizard for 5 turns
  3624 | D        | Killed a white draconian monk
  3624 | D        | Reached skill level 15 in Dodging
  3626 | D        | Killed a wizard
  3632 | D        | Killed a wizard
  3635 | D        | Killed an ogre mage
  3635 | D        | Reached skill level 22 in Armour
  3640 | D        | Killed a black draconian
  3649 | D        | Killed a wizard
  3650 | D        | Killed an orc warrior
  3652 | D        | Killed an orc warrior
  3652 | D        | Received a gift from Okawaru
  3688 | D        | Noticed a wizard
  3694 | D        | Killed a wizard
  3713 | D        | Identified a +1 pair of boots of running (Okawaru gifted it to you in the Dungeon)
  3812 | D        | Noticed a deep elf demonologist
  3813 | D        | Noticed a yellow draconian monk
  3813 | D        | Noticed a yellow draconian zealot
  3813 | D        | Noticed a deep elf demonologist
  3814 | D        | Noticed a deep elf high priest
  3815 | D        | Noticed a deep elf sorcerer
  3819 | D        | Killed a deep elf demonologist
  3820 | D        | Noticed an orc warrior
  3825 | D        | Killed a deep elf demonologist
  3846 | D        | Killed a yellow draconian monk
  3865 | D        | Noticed a green draconian scorcher
  3874 | D        | Killed a yellow draconian zealot
  3877 | D        | Killed a deep elf sorcerer
  3882 | D        | Killed an orc warrior
  3883 | D        | Noticed an orc warlord
  3883 | D        | Noticed an orc warrior
  3883 | D        | Noticed an ogre
  3885 | D        | Noticed an orc warrior
  3887 | D        | Noticed a titan
  3887 | D        | Noticed a warg
  3888 | D        | Killed a deep elf high priest
  3896 | D        | Noticed a sphinx
  3907 | D        | Killed a green draconian scorcher
  3931 | D        | Killed an orc warlord
  3947 | D        | Noticed a deep elf demonologist
  3947 | D        | Killed a titan
  3950 | D        | Noticed an orc warrior
  3955 | D        | Killed an orc warrior
  3958 | D        | Noticed Frances
  3960 | D        | Noticed an orc warrior
  3963 | D        | Noticed a cacodemon
  3967 | D        | Noticed a green draconian
  3971 | D        | Killed a deep elf demonologist
  3971 | D        | Reached XP level 15. HP: 78/161 MP: 5/24
  3980 | D        | Killed a sphinx
  3980 | D        | Reached skill level 23 in Armour
  4003 | D        | Killed Frances
  4005 | D        | Killed an orc warrior
  4007 | D        | Killed an ogre
  4009 | D        | Killed a warg
  4010 | D        | Killed an orc warrior
  4015 | D        | Killed a green draconian
  4017 | D        | Killed an orc warrior
  4134 | D        | Got the ring of Impiorgh {rPois rF- MR- Str+3 Dex+6}
  4136 | D        | Got the ring of Nida Cui {rF+ Str+6}
  4138 | D        | Got the ring of Xeof Udu {rC+ Str+3 Stlth+}
  4142 | D        | Got the ring "Oreuqu Giga" {Str+6 Stlth+}
  4145 | D        | Got the ring of Hotziawo {rN+ Int+2}
  4147 | D        | Got the ring "Hoest" {rPois Str+6 Dex+4}
  4149 | D        | Got the ring of Bishries {+Fly rC+ rN+ Int+4 SInv}
  4151 | D        | Got the ring of Puoghafe {Ice rElec rPois Str-3 Dex+6}
  4153 | D        | Got the ring of Geppanu {+Fly rElec rC- MR+ Dex+3 Stlth+}
  4155 | D        | Got the ring of the Tuna {rPois rF+ Int+6}
  4157 | D        | Got the ring "Hihalocw" {Wiz Str+4}
  4159 | D        | Got the ring "Omev" {Fire rElec MR- Int+2 Slay+2}
  4161 | D        | Got the ring of Midsummer {rElec rPois rC- Int+6 Stlth+}
  4209 | D        | Got the amulet "Darhael" {rF+ Regen+ Str+4}
  4211 | D        | Got the amulet of Egalitarianism {Regen+ Str+7}
  4213 | D        | Got the amulet of Eternal Night {*Confuse rElec rC+++ Regen+ SInv}
  4215 | D        | Got the amulet of Vihuxa {Regen+ Slay+5}
  4218 | D        | Got the amulet of Diurah {rC+ Regen+ Str+2 Dex-5 Stlth+}
  4220 | D        | Got the amulet of a Thousand Eyes {Regen+ Slay+5 Stlth-}
  4222 | D        | Got the amulet "Male" {+Fly Regen+}
  4224 | D        | Got the amulet of Kuumoal {Ward rPois rN+ MP+9}
  4226 | D        | Got the amulet "Aqyits" {Stasis *Drain rPois Int+4}
  4228 | D        | Got the amulet of the Coward {rMut rPois}
  4230 | D        | Got the amulet "Ilymewit" {Ward +Blink rC+ rN+ Str+9 Int-4}
  4232 | D        | Got the amulet "Qausheogg" {rMut Str+7}
  4234 | D        | Got the ring "Kifoed" {rF+ MP+9 Slay+5}
  4236 | D        | Got the amulet "Jiadanaa" {Ward rN+ Int+4 Stlth+}
  4369 | D        | Noticed a guardian serpent
  4369 | D        | Noticed an eye of devastation
  4369 | D        | Noticed a yaktaur
  4369 | D        | Noticed an elephant
  4369 | D        | Noticed an elephant
  4369 | D        | Noticed a hell hound
  4369 | D        | Noticed a hell hound
  4370 | D        | Noticed an elephant
  4370 | D        | Noticed an elephant
  4370 | D        | Noticed a hell hound
  4371 | D        | Noticed an ice dragon
  4371 | D        | Killed a hell hound
  4373 | D        | Killed a hell hound
  4374 | D        | Noticed a hell hound
  4376 | D        | Noticed a rust devil
  4376 | D        | Killed an elephant
  4379 | D        | Killed an elephant
  4380 | D        | Noticed a green death
  4382 | D        | Killed an eye of devastation
  4385 | D        | Noticed a vault guard
  4389 | D        | Killed a green death
  4389 | D        | Received a gift from Okawaru
  4391 | D        | Killed an ice dragon
  4393 | D        | Killed a guardian serpent
  4395 | D        | Killed a rust devil
  4395 | D        | Killed a hell hound
  4396 | D        | Killed an elephant
  4398 | D        | Killed an elephant
  4405 | D        | Killed a yaktaur
  4405 | D        | Reached skill level 15 in Invocations
  4411 | D        | Killed a vault guard
  4412 | D        | Killed a hell hound
  4422 | D        | Got a transparent large shield {god gift}
  4433 | D        | Identified the +0 large shield of the Game of Life {Regen+} (Okawaru gifted it to you in the Dungeon)
  4446 | D        | Noticed a hell hound
  4454 | D        | Killed a hell hound
  4471 | D        | Noticed a large abomination
  4471 | D        | Noticed a deep elf summoner
  4476 | D        | Killed a deep elf summoner
  4479 | D        | Killed a large abomination
  4481 | D        | Noticed a spriggan druid
  4482 | D        | Noticed an ice devil
  4483 | D        | Noticed an elephant
  4483 | D        | Noticed a blink frog
  4485 | D        | Noticed a deep elf sorcerer
  4488 | D        | Noticed a blink frog
  4488 | D        | Killed a spriggan druid
  4489 | D        | Noticed an ice devil
  4490 | D        | Killed an ice devil
  4493 | D        | Killed an elephant
  4495 | D        | Noticed an elephant
  4495 | D        | Noticed a yaktaur captain
  4498 | D        | Killed a blink frog
  4503 | D        | Killed an ice devil
  4505 | D        | Noticed a shadow dragon
  4510 | D        | Killed a deep elf sorcerer
  4512 | D        | Killed a yaktaur captain
  4515 | D        | Noticed a greater naga
  4517 | D        | Killed a shadow dragon
  4517 | D        | Reached skill level 24 in Armour
  4521 | D        | Killed an elephant
  4532 | D        | Killed a greater naga
  4533 | D        | Noticed an orc warrior
  4533 | D        | Noticed an eye of draining
  4534 | D        | Noticed an orc warrior
  4534 | D        | Noticed an orc warrior
  4534 | D        | Noticed an orc sorcerer
  4544 | D        | Killed an eye of draining
  4547 | D        | Killed an orc warrior
  4548 | D        | Noticed an ogre
  4548 | D        | Noticed a warg
  4548 | D        | Noticed a blue devil
  4549 | D        | Noticed a warg
  4556 | D        | Killed a blink frog
  4557 | D        | Noticed an orc priest
  4558 | D        | Noticed an orc warlord
  4558 | D        | Noticed an elephant
  4563 | D        | Killed an orc sorcerer
  4564 | D        | Noticed a death knight
  4564 | D        | Noticed a wolf spider
  4564 | D        | Killed an ogre
  4568 | D        | Killed a blue devil
  4573 | D        | Killed an orc warrior
  4578 | D        | Killed an orc warlord
  4582 | D        | Killed a wolf spider
  4584 | D        | Killed an elephant
  4585 | D        | Killed a warg
  4589 | D        | Killed an orc warrior
  4591 | D        | Killed a warg
  4595 | D        | Killed an orc priest
  4599 | D        | Killed a death knight
  4614 | D        | Gained mutation: You are very robust (+20% HP). [mutagenic meat]
  4643 | D        | Noticed an eidolon
  4644 | D        | Noticed a minotaur
  4646 | D        | Noticed an anaconda
  4649 | D        | Killed an eidolon
  4649 | D        | Received a gift from Okawaru
  4651 | D        | an anaconda changed into a fire dragon
  4657 | D        | Killed a minotaur
  4671 | D        | Killed a lorocyproca
  4676 | D        | Gained mutation: You expend magic power (3 MP) to strengthen your wands. [mutagenic meat]
  4677 | D        | Gained mutation: You have supernaturally acute eyesight. [mutagenic meat]
  4678 | D        | Gained mutation: You have large cloven feet. [mutagenic meat]
  4715 | D        | Noticed a lorocyproca
  4715 | D        | Noticed an orb of fire
  4716 | D        | Noticed a green draconian
  4724 | D        | Gained mutation: You are weak. (Str -2) [an orb of fire]
  4725 | D        | Gained mutation: You are clumsy. (Dex -2) [an orb of fire]
  4733 | D        | Killed an orb of fire
  4739 | D        | Killed a lorocyproca
  4739 | D        | Reached skill level 25 in Armour
  4744 | D        | Killed a green draconian
  4753 | D        | Noticed a sphinx
  4754 | D        | Noticed a frost giant
  4754 | D        | Noticed a blink frog
  4756 | D        | Noticed a spriggan air mage
  4761 | D        | Killed a sphinx
  4767 | D        | Killed a frost giant
  4767 | D        | Reached XP level 16. HP: 96/192 MP: 8/27
  4771 | D        | Killed a spriggan air mage
  4782 | D        | Noticed a large abomination
  4782 | D        | Noticed a greater naga
  4785 | D        | Killed a blink frog
  4787 | D        | Killed a large abomination
  4791 | D        | Killed a greater naga
  4817 | D        | Noticed a green draconian
  4821 | D        | Noticed a soul eater
  4821 | D        | Killed a green draconian
  4822 | D        | Noticed a yellow draconian
  4822 | D        | Noticed an iron dragon
  4833 | D        | Killed a yellow draconian
  4845 | D        | Killed an iron dragon
  4851 | D        | Killed a soul eater
  5206 | D        | Noticed a hellephant
  5226 | D        | Killed a hellephant
  5237 | D        | Noticed a bone dragon
  5248 | D        | Killed a bone dragon
  5252 | D        | Noticed Rodo the pandemonium lord
  5266 | D        | Killed Rodo the pandemonium lord
  5266 | D        | Reached skill level 26 in Maces & Flails
  5270 | D        | Noticed Dissolution
  5280 | D        | Killed Dissolution
  5280 | D        | Received a gift from Okawaru
  5331 | D        | Noticed a Shadow Fiend
  5340 | D        | Killed a Shadow Fiend
  5407 | D        | Noticed a cacodemon
  5411 | D        | Killed a cacodemon
  5414 | D        | Noticed a hellion
  5414 | D        | Noticed an elephant
  5414 | D        | Noticed a Hell Sentinel
  5414 | D        | Noticed an iron troll
  5414 | D        | Noticed a red draconian
  5414 | D        | Noticed Qovon the pandemonium lord
  5419 | D        | Killed Qovon the pandemonium lord
  5419 | D        | Reached skill level 27 in Maces & Flails
  5419 | D        | Reached skill level 27 in Armour
  5419 | D        | Reached skill level 27 in Shields
  5427 | D        | Killed a red draconian
  5437 | D        | Killed an iron troll
  5446 | D        | Killed a Hell Sentinel
  5450 | D        | Killed an elephant
  5452 | D        | Killed a hellion
  5507 | D        | Noticed Haalesse the pandemonium lord
  5515 | D        | Killed Haalesse the pandemonium lord
  5518 | D        | Noticed a hellephant
  5531 | D        | Killed a hellephant
  5531 | D        | Received a gift from Okawaru
  5531 | D        | Reached XP level 17. HP: 179/211 MP: 27/29
  5537 | D        | Noticed a Brimstone Fiend
  5546 | D        | Killed a Brimstone Fiend
  5661 | D        | Noticed a spriggan air mage
  5665 | D        | Killed a spriggan air mage
  5669 | D        | Noticed a mottled draconian scorcher
  5675 | D        | Killed a mottled draconian scorcher
  5679 | D        | Noticed Antaeus
  5707 | D        | Killed Antaeus
  5707 | D        | Received a gift from Okawaru
  5865 | D        | Noticed a minotaur
  5865 | D        | Noticed an ettin
  5866 | D        | Noticed a deep elf master archer
  5866 | D        | Noticed a spriggan rider
  5872 | D        | Killed an ettin
  5874 | D        | Noticed a hell beast
  5875 | D        | Noticed a red draconian
  5876 | D        | Noticed a greater mummy
  5879 | D        | Noticed a quicksilver dragon
  5879 | D        | Killed a deep elf master archer
  5882 | D        | Killed a spriggan rider
  5882 | D        | Killed a wasp
  5885 | D        | Killed a minotaur
  5885 | D        | Received a gift from Okawaru
  5886 | D        | Got a fine mace {god gift}
  5887 | D        | Identified the +3 mace of Xolimaun {freeze, rElec rN++ Str+3} (Okawaru gifted it to you in the Dungeon)
  5888 | D        | Noticed a deep elf master archer
  5893 | D        | Killed a hell beast
  5897 | D        | Killed a red draconian
  5904 | D        | Killed a quicksilver dragon
  5911 | D        | Killed a greater mummy
  5920 | D        | Killed a deep elf master archer
  5974 | D        | Noticed an iron elemental
  5974 | D        | Noticed a fire dragon
  5974 | D        | Noticed a hell knight
  5974 | D        | Noticed a hell knight
  5974 | D        | Noticed a hell knight
  5974 | D        | Noticed a hell knight
  5974 | D        | Noticed a hell knight
  5974 | D        | Noticed a hell knight
  5975 | D        | Noticed a hell knight
  5977 | D        | Killed a hell knight
  5979 | D        | Noticed a deep elf sorcerer
  5979 | D        | Killed a hell knight
  5979 | D        | Paralysed by a giant eyeball for 4 turns
  5989 | D        | Killed a deep elf sorcerer
  5995 | D        | Killed a fire dragon
  5998 | D        | Killed a hell knight
  6000 | D        | Killed a hell knight
  6002 | D        | Killed a hell knight
  6004 | D        | Killed a hell knight
  6008 | D        | Killed an iron elemental
  6013 | D        | Killed a hell knight
  6077 | D        | Noticed an Executioner
  6077 | D        | Noticed a red draconian knight
  6079 | D        | Killed an Executioner
  6080 | D        | Noticed an iron dragon
  6080 | D        | Noticed a death ooze
  6082 | D        | Noticed a red draconian monk
  6085 | D        | Killed a red draconian knight
  6085 | D        | Received a gift from Okawaru
  6088 | D        | Noticed a deep elf blademaster
  6090 | D        | Killed a death ooze
  6092 | D        | Noticed a titan
  6092 | D        | Noticed a fire giant
  6092 | D        | Noticed a quicksilver dragon
  6095 | D        | Killed an iron dragon
  6103 | D        | Killed a deep elf blademaster
  6109 | D        | Killed a titan
  6114 | D        | Noticed a tormentor
  6116 | D        | Killed a red draconian monk
  6118 | D        | Killed a quicksilver dragon
  6120 | D        | Killed a fire giant
  6122 | D        | Noticed a fire elemental
  6125 | D        | Killed a tormentor
  6129 | D        | Paralysed by a giant eyeball for 4 turns
  6137 | D        | Killed a fire elemental
  6195 | D        | Noticed an electric golem
  6195 | D        | Noticed an eye of draining
  6204 | D        | Noticed an orc warrior
  6204 | D        | Killed an electric golem
  6204 | D        | Reached XP level 18. HP: 236/238 MP: 32/32
  6205 | D        | Noticed an orc warrior
  6205 | D        | Killed an eye of draining
  6206 | D        | Noticed a shadow dragon
  6206 | D        | Noticed a yellow draconian
  6207 | D        | Noticed a purple draconian
  6207 | D        | Noticed an orc warrior
  6208 | D        | Noticed an orc warrior
  6209 | D        | Noticed an orc warlord
  6210 | D        | Noticed an orc warrior
  6214 | D        | Killed an orc warrior
  6217 | D        | Killed a shadow dragon
  6217 | D        | Reached skill level 27 in Fighting
  6219 | D        | Noticed a cacodemon
  6223 | D        | Killed an orc warlord
  6226 | D        | Killed an orc warrior
  6229 | D        | Killed a yellow draconian
  6235 | D        | Killed a cacodemon
  6237 | D        | Killed a purple draconian
  6239 | D        | Killed an orc warrior
  6240 | D        | Killed an orc warrior
  6243 | D        | Killed an orc warrior
  6274 | D        | Got the ring of Qazlal's Whim {SustAt MP+9 Stlth+}
  6276 | D        | Got the ring "Xochuro" {rF+ Str+3 Dex+6}
  6278 | D        | Got the ring "Zobludik" {+Fly rF+ rC- Dex+7}
  6280 | D        | Got the amulet "Qainuelo" {rCorr -Tele rF- Str+4 Int+7}
  6282 | D        | Got the ring "Retwunny" {MR+ Int+4}
  6284 | D        | Got the ring of Megalomania {rC++ rN+}
  6286 | D        | Got the ring of Disaster {rC+ Stlth-}
  6288 | D        | Got the ring "Resicy" {Str+2 SInv}
  6360 | D        | Noticed a greater naga
  6360 | D        | Noticed an ice dragon
  6360 | D        | Noticed a storm dragon
  6360 | D        | Noticed a shadow dragon
  6369 | D        | Killed a shadow dragon
  6373 | D        | Killed a greater naga
  6378 | D        | Killed an ice dragon
  6382 | D        | Killed a storm dragon
  6390 | D        | Noticed an orb of fire
  6390 | D        | Noticed a Killer Klown
  6390 | D        | Noticed a blizzard demon
  6399 | D        | Killed an orb of fire
  6407 | D        | Killed a Killer Klown
  6407 | D        | Reached skill level 27 in Dodging
  6409 | D        | Killed a blizzard demon
  6409 | D        | Received a gift from Okawaru
  6600 | D        | Noticed a deep elf master archer
  6600 | D        | Noticed a deep elf blademaster
  6600 | D        | Noticed a mummy priest
  6601 | D        | Noticed a hellion
  6601 | D        | Noticed a titan
  6601 | D        | Noticed a balrug
  6601 | D        | Noticed a sun demon
  6602 | D        | Noticed a red devil
  6602 | D        | Noticed a war gargoyle
  6603 | D        | Noticed a green death
  6605 | D        | Killed a mummy priest
  6605 | D        | Lost intelligence.
  6611 | D        | Killed a sun demon
  6615 | D        | Killed a balrug
  6617 | D        | Killed a green death
  6621 | D        | Killed a hellion
  6628 | D        | Killed a war gargoyle
  6633 | D        | Killed a titan
  6635 | D        | Killed a deep elf master archer
  6635 | D        | Reached skill level 27 in Invocations
  6635 | D        | Reached skill level 1 in Throwing
  6635 | D        | Reached skill level 1 in Stealth
  6645 | D        | Killed a deep elf blademaster
  6648 | D        | Killed a red devil
  6830 | D        | Noticed a stone giant
  6830 | D        | Noticed a cyclops
  6830 | D        | Noticed a two-headed ogre
  6830 | D        | Noticed a two-headed ogre
  6830 | D        | Noticed a stone giant
  6830 | D        | Noticed an iron troll
  6830 | D        | Noticed an ogre
  6830 | D        | Noticed an ogre
  6830 | D        | Noticed a deep troll
  6830 | D        | Noticed a troll
  6830 | D        | Noticed an ogre
  6830 | D        | Noticed an ettin
  6830 | D        | Noticed a stone giant
  6830 | D        | Noticed an ettin
  6830 | D        | Noticed a hill giant
  6830 | D        | Noticed an ettin
  6830 | D        | Noticed a cyclops
  6830 | D        | Noticed a deep troll
  6830 | D        | Noticed an iron troll
  6830 | D        | Noticed a cyclops
  6830 | D        | Noticed a hill giant
  6830 | D        | Noticed a troll
  6830 | D        | Noticed an ogre
  6831 | D        | Noticed a deep troll
  6831 | D        | Noticed a troll
  6831 | D        | Noticed a hill giant
  6831 | D        | Noticed a hill giant
  6831 | D        | Noticed a cyclops
  6831 | D        | Noticed a cyclops
  6831 | D        | Noticed a cyclops
  6831 | D        | Noticed a two-headed ogre
  6831 | D        | Noticed a deep troll
  6831 | D        | Noticed a deep troll
  6831 | D        | Noticed a hill giant
  6831 | D        | Noticed a troll
  6831 | D        | Noticed a cyclops
  6831 | D        | Noticed a two-headed ogre
  6831 | D        | Noticed a deep troll
  6831 | D        | Noticed a troll
  6831 | D        | Noticed a cyclops
  6831 | D        | Noticed a troll
  6831 | D        | Noticed an ogre
  6831 | D        | Noticed a stone giant
  6831 | D        | Noticed a cyclops
  6831 | D        | Noticed a cyclops
  6831 | D        | Noticed a two-headed ogre
  6831 | D        | Noticed a troll
  6831 | D        | Noticed a titan
  6831 | D        | Noticed a hill giant
  6831 | D        | Noticed an ettin
  6831 | D        | Noticed a stone giant
  6831 | D        | Noticed an ogre
  6831 | D        | Noticed a deep troll
  6831 | D        | Noticed a cyclops
  6831 | D        | Noticed a cyclops
  6831 | D        | Noticed an ogre
  6838 | D        | Killed a stone giant
  6838 | D        | Reached skill level 5 in Throwing
  6844 | D        | Killed a stone giant
  6844 | D        | Reached skill level 5 in Stealth
  6845 | D        | Killed a cyclops
  6851 | D        | Killed an iron troll
  6851 | D        | Received a gift from Okawaru
  6852 | D        | Killed a troll
  6854 | D        | Killed a two-headed ogre
  6858 | D        | Killed a deep troll
  6859 | D        | Killed a two-headed ogre
  6862 | D        | Killed an ettin
  6867 | D        | Killed a stone giant
  6873 | D        | Killed a stone giant
  6879 | D        | Killed a stone giant
  6880 | D        | Killed a deep troll
  6882 | D        | Killed a titan
  6882 | D        | Reached skill level 10 in Throwing
  6884 | D        | Killed an ettin
  6884 | D        | Received a gift from Okawaru
  6886 | D        | Killed a troll
  6888 | D        | Killed a deep troll
  6888 | D        | Reached skill level 10 in Stealth
  6890 | D        | Killed an ettin
  6893 | D        | Killed a hill giant
  6896 | D        | Killed a two-headed ogre
  6898 | D        | Killed an ettin
  6900 | D        | Killed a deep troll
  6901 | D        | Killed a two-headed ogre
  6902 | D        | Killed a deep troll
  6904 | D        | Killed a deep troll
  6906 | D        | Killed an iron troll
  6909 | D        | Killed a hill giant
  6911 | D        | Killed a troll
  6912 | D        | Killed a troll
  6912 | D        | Received a gift from Okawaru
  6914 | D        | Killed a hill giant
  6917 | D        | Killed a deep troll
  6919 | D        | Killed a hill giant
  6921 | D        | Killed a two-headed ogre
  6922 | D        | Killed an ogre
  6925 | D        | Killed a troll
  6927 | D        | Killed a hill giant
  6930 | D        | Killed a hill giant
  6932 | D        | Killed a troll
  6932 | D        | Received a gift from Okawaru
  6936 | D        | Killed a cyclops
  6937 | D        | Killed an ogre
  6939 | D        | Killed an ogre
  6940 | D        | Killed a troll
  6943 | D        | Killed a cyclops
  6945 | D        | Killed a cyclops
  6946 | D        | Killed an ogre
  6948 | D        | Killed a cyclops
  6950 | D        | Killed an ogre
  6952 | D        | Killed a cyclops
  6953 | D        | Killed a cyclops
  6954 | D        | Killed a cyclops
  6955 | D        | Killed an ogre
  6958 | D        | Killed a cyclops
  6959 | D        | Killed an ogre
  6961 | D        | Killed a cyclops
  6964 | D        | Killed a cyclops
  6966 | D        | Killed a cyclops
  7023 | D        | Got a silver rune of Zot
  7151 | D        | Lost mutation: You are very robust (+20% HP). [potion of mutation]
  7151 | D        | Gained mutation: Your body sometimes deteriorates upon taking damage. [potion of mutation]
  7151 | D        | Gained mutation: You are somewhat resistant to further mutation. [potion of mutation]
  7366 | D        | Noticed an angel
  7366 | D        | Noticed a cherub
  7366 | D        | Noticed a daeva
  7366 | D        | Noticed a daeva
  7366 | D        | Noticed an angel
  7366 | D        | Noticed a cherub
  7366 | D        | Noticed a cherub
  7366 | D        | Noticed an angel
  7366 | D        | Noticed an angel
  7366 | D        | Noticed a daeva
  7366 | D        | Noticed a pearl dragon
  7366 | D        | Noticed a cherub
  7366 | D        | Noticed an angel
  7366 | D        | Noticed a cherub
  7366 | D        | Noticed a cherub
  7366 | D        | Noticed an angel
  7366 | D        | Noticed an angel
  7366 | D        | Noticed a daeva
  7366 | D        | Noticed a cherub
  7366 | D        | Noticed an angel
  7366 | D        | Noticed a daeva
  7366 | D        | Noticed a cherub
  7366 | D        | Noticed a daeva
  7366 | D        | Noticed an angel
  7366 | D        | Noticed an angel
  7367 | D        | Noticed an angel
  7368 | D        | Noticed a cherub
  7368 | D        | Killed an angel
  7371 | D        | Killed an angel
  7371 | D        | Reached skill level 15 in Throwing
  7374 | D        | Noticed a cherub
  7375 | D        | Killed an angel
  7377 | D        | Noticed a cherub
  7379 | D        | Noticed a daeva
  7379 | D        | Noticed a cherub
  7379 | D        | Noticed an angel
  7379 | D        | Noticed an angel
  7379 | D        | Noticed a daeva
  7379 | D        | Noticed a daeva
  7379 | D        | Noticed a daeva
  7379 | D        | Noticed a daeva
  7379 | D        | Noticed a daeva
  7379 | D        | Noticed a cherub
  7379 | D        | Noticed a cherub
  7379 | D        | Noticed a daeva
  7379 | D        | Noticed an angel
  7379 | D        | Noticed an angel
  7379 | D        | Noticed a cherub
  7379 | D        | Noticed a daeva
  7379 | D        | Noticed an angel
  7379 | D        | Noticed an angel
  7379 | D        | Noticed a daeva
  7379 | D        | Noticed an angel
  7379 | D        | Noticed a cherub
  7379 | D        | Noticed an angel
  7379 | D        | Noticed an angel
  7379 | D        | Noticed a daeva
  7379 | D        | Noticed a daeva
  7379 | D        | Noticed a cherub
  7379 | D        | Noticed a cherub
  7379 | D        | Noticed a daeva
  7379 | D        | Noticed a daeva
  7379 | D        | Noticed an angel
  7379 | D        | Noticed an angel
  7395 | D        | Killed an angel
  7401 | D        | Killed an angel
  7401 | D        | Reached XP level 19. HP: 115/227 MP: 12/35
  7410 | D        | Killed an angel
  7413 | D        | Killed a pearl dragon
  7413 | D        | Reached skill level 15 in Stealth
  7419 | D        | Killed an angel
  7425 | D        | Killed an angel
  7428 | D        | Killed an angel
  7440 | D        | Killed a daeva
  7440 | D        | Received a gift from Okawaru
  7445 | D        | Killed an angel
  7450 | D        | Killed an angel
  7455 | D        | Killed an angel
  7544 | D        | Killed an angel
  7551 | D        | Killed an angel
  7625 | D        | Killed a daeva
  7715 | D        | Noticed a blink frog
  7718 | D        | Killed a blink frog
  7748 | D        | Killed a daeva
  7839 | D        | Killed a daeva
  8013 | D        | Killed a daeva
  8078 | D        | Killed a daeva
  8123 | D        | Killed an angel
  8300 | D        | Killed an angel
  8304 | D        | Killed a cherub
  8317 | D        | Killed a daeva
  8327 | D        | Killed an angel
  8332 | D        | Killed an angel
  8349 | D        | Killed a cherub
  8356 | D        | Killed a cherub
  8370 | D        | Killed an angel
  8370 | D        | Received a gift from Okawaru
  8395 | D        | Killed an angel
  8483 | D        | Killed a daeva
  8491 | D        | Noticed a daeva
  8499 | D        | Killed a daeva
  8519 | D        | Killed an angel
  8537 | D        | Killed a daeva
  8537 | D        | Received a gift from Okawaru
  8561 | D        | Killed a daeva
  8578 | D        | Killed a daeva
  8641 | D        | Killed a cherub
  8659 | D        | Noticed a daeva
  8670 | D        | Killed a daeva
  8678 | D        | Killed a daeva
  8683 | D        | Killed a cherub
  8684 | D        | Noticed an angel
  8691 | D        | Killed an angel
  8721 | D        | Noticed an angel
  8729 | D        | Noticed an angel
  8729 | D        | Killed an angel
  8732 | D        | Killed a daeva
  8733 | D        | Noticed a daeva
  8748 | D        | Killed an angel
  8891 | D        | Killed a daeva
  8893 | D        | Killed a cherub
  8982 | D        | Killed a daeva
  8999 | D        | Killed a daeva
  9073 | D        | Killed a cherub
  9073 | D        | Received a gift from Okawaru
  9080 | D        | Killed a cherub
  9143 | D        | Killed a daeva
  9389 | D        | Killed an angel
  9396 | D        | Killed a cherub
  9422 | D        | Killed a daeva
  9481 | D        | Noticed a cherub
  9489 | D        | Killed a cherub
  9657 | D        | Killed a daeva
  9722 | D        | Noticed a cherub
  9729 | D        | Killed a cherub
  9736 | D        | Killed a cherub
  9780 | D        | Noticed an angel
  9781 | D        | Noticed a cherub
  9791 | D        | Killed an angel
  9796 | D        | Killed a cherub
  9819 | D        | Killed a cherub
  9819 | D        | Reached skill level 1 in Evocations
  9825 | D        | Killed a cherub
  9827 | D        | Noticed a daeva
  9828 | D        | Identified the +5 war axe of Ywkukun {chop, rC+ Int+4}
  9829 | D        | Noticed a cherub
  9829 | D        | Noticed a daeva
  9846 | D        | Killed a daeva
  9850 | D        | Killed a cherub
  9859 | D        | Killed a cherub
  9868 | D        | Killed a daeva
  9868 | D        | Reached skill level 5 in Evocations
  9869 | D        | Killed a cherub
  9874 | D        | Noticed a daeva
  9915 | D        | Killed a daeva
  9971 | D        | Killed a cherub
  9989 | D        | Killed a daeva
  9989 | D        | Reached XP level 20. HP: 224/237 MP: 36/36
 10074 | D        | Noticed a cherub
 10074 | D        | Killed a cherub
 10081 | D        | Killed a cherub
 10084 | D        | Killed a cherub
 10122 | D        | Killed a cherub
 10159 | D        | Got the ring of Utukhloa {AC+5 Slay+3}
 10175 | D        | Got a golden rune of Zot
 10259 | D        | Noticed an electric golem
 10260 | D        | Noticed Jory
 10261 | D        | Noticed a black draconian knight
 10269 | D        | Killed Jory
 10278 | D        | Killed a black draconian knight
 10281 | D        | Killed an electric golem
 10297 | D        | Noticed a yaktaur captain
 10298 | D        | Noticed a lich
 10299 | D        | Noticed an electric golem
 10299 | D        | Noticed a titan
 10303 | D        | Noticed an orb of fire
 10305 | D        | Killed an electric golem
 10305 | D        | Reached skill level 10 in Evocations
 10308 | D        | Killed a yaktaur captain
 10310 | D        | Noticed a ghoul
 10311 | D        | Killed a lich
 10311 | D        | Reached skill level 27 in Throwing
 10316 | D        | Noticed a ghoul
 10322 | D        | Killed an orb of fire
 10327 | D        | Killed a titan
 10339 | D        | Killed a ghoul
 10340 | D        | Killed a ghoul
 10358 | D        | Noticed a necrophage
 10362 | D        | Killed a necrophage
 10389 | D        | Noticed an electric golem
 10389 | D        | Noticed an anubis guard
 10389 | D        | Noticed a moth of wrath
 10389 | D        | an anubis guard changed into a soldier ant
 10393 | D        | Killed a moth of wrath
 10402 | D        | Killed an electric golem
 10402 | D        | Reached skill level 15 in Evocations
 10411 | D        | Noticed Belupema the pandemonium lord
 10418 | D        | Killed Belupema the pandemonium lord
 10418 | D        | Received a gift from Okawaru
 10425 | D        | Noticed a pearl dragon
 10435 | D        | Killed a pearl dragon
 10486 | D        | Noticed Gloorx Vloq
 10494 | D        | Killed Gloorx Vloq
 10494 | D        | Received a gift from Okawaru
 10668 | D        | Noticed a deep elf demonologist
 10668 | D        | Noticed a deep elf death mage
 10668 | D        | Noticed an orc warlord
 10668 | D        | Noticed an orc sorcerer
 10668 | D        | Noticed an orc warrior
 10670 | D        | Noticed an orb of fire
 10671 | D        | Killed a deep elf demonologist
 10671 | D        | Received a gift from Okawaru
 10679 | D        | Killed an orb of fire
 10683 | D        | Killed an orc warlord
 10691 | D        | Killed an orc sorcerer
 10693 | D        | Killed a deep elf death mage
 10696 | D        | Killed an orc warrior
 10722 | D        | Noticed a quicksilver dragon
 10722 | D        | Noticed a deep elf blademaster
 10728 | D        | Killed a deep elf blademaster
 10733 | D        | Killed a quicksilver dragon
 10750 | D        | Noticed a purple draconian scorcher
 10750 | D        | Noticed Huyph the pandemonium lord
 10750 | D        | Noticed a ghost moth
 10755 | D        | Killed Huyph the pandemonium lord
 10764 | D        | Killed a purple draconian scorcher
 10768 | D        | Killed a ghost moth
 10890 | D        | Noticed a Shadow Fiend
 10893 | D        | Killed a Shadow Fiend
 10907 | D        | Noticed an ancient lich
 10911 | D        | Killed an ancient lich
 10915 | D        | Noticed a titan
 10915 | D        | Noticed an orb of fire
 10926 | D        | Noticed an Ice Fiend
 10932 | D        | Killed an orb of fire
 10939 | D        | Killed a titan
 10945 | D        | Killed an Ice Fiend
 10945 | D        | Reached XP level 21. HP: 234/246 MP: 37/37
 10950 | D        | Noticed a Killer Klown
 10954 | D        | Killed a Killer Klown
 10954 | D        | Received a gift from Okawaru
 10964 | D        | Got the ring "Hoimmeit" {+Inv rN+ AC+2}
 10966 | D        | Got the ring of Kosogguf {Fire +Fly rElec}
 10968 | D        | Got an iron rune of Zot
 10970 | D        | Got the ring of Daeri {+Inv rN++ Int-5 Dex+3 SInv}
 10973 | D        | Got the ring "Qoxzak" {-Tele rF+ Int+4 Dex+6}
 10976 | D        | Got the ring "Tyru" {Fire +Fly Int+2}
 10978 | D        | Got the ring of Dekaq {MR+ SInv}
 10980 | D        | Got the ring of the Tarantula {Wiz Int+4 Dex+2}
 10983 | D        | Got the ring "Tellast" {rC+ rN+ Int+5}
 10985 | D        | Got the ring of Sloth {rF++ rN+}
 10987 | D        | Got the ring of Wysoo {+Fly rElec rPois rN+ Int-5}
 11003 | D        | Noticed Khufu
 11003 | D        | Noticed a greater mummy
 11003 | D        | Noticed Margery
 11013 | D        | Killed Khufu
 11021 | D        | Killed Margery
 11026 | D        | Killed a greater mummy
 11027 | D        | Noticed a lich
 11027 | D        | Noticed a tormentor
 11027 | D        | Noticed a deep elf blademaster
 11041 | D        | Killed a deep elf blademaster
 11044 | D        | Killed a lich
 11047 | D        | Killed a tormentor
 11254 | D        | Noticed Nikola
 11254 | D        | Noticed an orb of fire
 11254 | D        | Noticed an electric golem
 11259 | D        | Killed an orb of fire
 11259 | D        | Reached skill level 27 in Stealth
 11266 | D        | Killed Nikola
 11273 | D        | Killed an electric golem
 11273 | D        | Reached skill level 27 in Evocations
 11286 | D        | Noticed Xuuzusesm the pandemonium lord
 11293 | D        | Killed Xuuzusesm the pandemonium lord
 11293 | D        | Reached skill level 5 in Unarmed Combat
 11293 | D        | Reached skill level 5 in Spellcasting
 11330 | D        | Noticed a daeva
 11342 | D        | Killed a daeva
 11466 | D        | Noticed Mennas
 11466 | D        | Noticed an Orb Guardian
 11466 | D        | Noticed an Orb Guardian
 11466 | D        | Noticed an Orb Guardian
 11466 | D        | Noticed an Orb Guardian
 11473 | D        | Killed an Orb Guardian
 11485 | D        | Killed Mennas
 11492 | D        | Killed an Orb Guardian
 11492 | D        | Reached skill level 10 in Unarmed Combat
 11499 | D        | Killed an Orb Guardian
 11499 | D        | Reached skill level 10 in Spellcasting
 11503 | D        | Killed an Orb Guardian
 11531 | D        | Noticed a frost giant
 11532 | D        | Noticed an Orb Guardian
 11533 | D        | Noticed a storm dragon
 11533 | D        | Noticed Ignacio
 11549 | D        | Killed Ignacio
 11549 | D        | Received a gift from Okawaru
 11549 | D        | Received a gift from Okawaru
 11550 | D        | Got a blackened flail {god gift}
 11554 | D        | Killed a frost giant
 11555 | D        | Identified the +2 flail of Bread {crush, rPois} (Okawaru gifted it to you in the Dungeon)
 11567 | D        | Noticed a Shadow Fiend
 11574 | D        | Killed a storm dragon
 11580 | D        | Killed a Shadow Fiend
 11586 | D        | Noticed an Orb Guardian
 11588 | D        | Noticed a green draconian
 11590 | D        | Noticed an Orb Guardian
 11593 | D        | Killed an Orb Guardian
 11594 | D        | Noticed Boris
 11595 | D        | Noticed an Executioner
 11595 | D        | Noticed a blizzard demon
 11595 | D        | Killed an Orb Guardian
 11604 | D        | Killed an Executioner
 11604 | D        | Reached skill level 15 in Unarmed Combat
 11613 | D        | Killed an Orb Guardian
 11618 | D        | Killed Boris
 11623 | D        | Killed a green draconian
 11623 | D        | Reached skill level 15 in Spellcasting
 11629 | D        | Killed a blizzard demon
 11639 | D        | Noticed Norris
 11642 | D        | Noticed a shadow dragon
 11651 | D        | Killed Norris
 11658 | D        | Killed a shadow dragon
 11700 | D        | Noticed an Orb Guardian
 11700 | D        | Noticed an Orb Guardian
 11700 | D        | Noticed an Orb Guardian
 11706 | D        | Killed an Orb Guardian
 11711 | D        | Killed an Orb Guardian
 11712 | D        | Killed an Orb Guardian
 11712 | D        | Received a gift from Okawaru
 11712 | D        | Reached XP level 22. HP: 238/256 MP: 41/41
 11721 | D        | Noticed a Shadow Fiend
 11728 | D        | Killed a Shadow Fiend
 11731 | D        | Noticed a purple draconian
 11737 | D        | Noticed Naulauc the pandemonium lord
 11740 | D        | Noticed a green draconian annihilator
 11741 | D        | Noticed a deep elf demonologist
 11742 | D        | Killed Naulauc the pandemonium lord
 11745 | D        | Killed a green draconian annihilator
 11747 | D        | Killed a deep elf demonologist
 11751 | D        | Noticed an Orb Guardian
 11752 | D        | Noticed a golden dragon
 11754 | D        | Noticed an Executioner
 11754 | D        | Noticed an acid blob
 11756 | D        | Noticed a shadow dragon
 11756 | D        | Killed a purple draconian
 11762 | D        | Killed an Executioner
 11766 | D        | Killed a golden dragon
 11769 | D        | Killed an Orb Guardian
 11775 | D        | Killed a shadow dragon
 11808 | D        | Noticed Dispater
 11819 | D        | Noticed a Brimstone Fiend
 11824 | D        | Noticed Mara
 11826 | D        | Noticed an Orb Guardian
 11831 | D        | Noticed an Orb Guardian
 11832 | D        | Killed Dispater
 11835 | D        | Killed a Brimstone Fiend
 11838 | D        | Noticed Lom Lobon
 11849 | D        | Killed an Orb Guardian
 11849 | D        | Received a gift from Okawaru
 11849 | D        | Killed an acid blob
 11859 | D        | Killed Mara
 11891 | D        | Killed an Orb Guardian
 11894 | D        | HP: 3/256 [Lom Lobon/great icy blast (14)]
 11895 | D        | HP: 1/256 [Lom Lobon/tornado (1)]
 11896 | D        | Killed by an exploding ball lightning

Vault maps used:
D:        pitsprint

Action                   |  1- 3 |  4- 6 |  7- 9 | 10-12 | 13-15 | 16-18 | 19-21 | 22-24 || total
-------------------------+-------+-------+-------+-------+-------+-------+-------+-------++-------
Melee: Flail             |     4 |    15 |    91 |    65 |       |       |       |       ||   175
       Mace              |       |    28 |       |       |    96 |    17 |       |       ||   141
       Morningstar       |       |       |       |   325 |   635 |   482 |   136 |    37 ||  1615
       Eveningstar       |       |       |       |       |       |    52 |   673 |    25 ||   750
Throw: Javelin           |       |       |       |       |       |     3 |     1 |       ||     4
Invok: Heroism           |       |     1 |     4 |     6 |     7 |    13 |     2 |       ||    33
       Finesse           |       |       |       |     5 |     8 |    13 |    10 |     2 ||    38
 Abil: Spit Poison       |       |       |       |     3 |     1 |       |       |       ||     4
  Use: Potion            |       |       |     1 |       |    11 |     9 |    20 |    12 ||    53
       Scroll            |       |       |       |       |       |     6 |     2 |     1 ||     9
 Stab: Distracted        |       |       |       |       |       |       |     1 |       ||     1
  Eat: Chunk             |       |       |     1 |     7 |     8 |     4 |     3 |     1 ||    24
       Bread ration      |       |       |       |     1 |     1 |     2 |     3 |     1 ||     8
